Griffins vs Thunder

Created - February 12, 2018 at 19:14

Goals
1 2 3 T
Griffins 3 3 1 7
Thunder 1 0 1 2
Shots
1 2 3 T
Griffins 15 13 8 36
Thunder 11 11 13 35

1st period

1. Thunder , Daultan Leveillé 18 (Dany Roussin 36) at 8:35
2. Griffins , Mike Duco 16 (Ben Hanowski 9, Nathan Oystrick 6) at 9:06
3. Griffins , Devin Shore 7 (Tye McGinn 27) at 13:34
4. Griffins , Petr Pohl 34 (Jamie Arniel 45) at 18:02

Penalties :
Jason Missiaen (Cap) for Slashing (Minor) at 2:42 - Jamie Arniel served the penalty, Jared Staal (TRO) for Hooking (Minor) at 9:53, Mike Hoffman (TRO) for Holding (Minor) at 15:46

2nd period

5. Griffins , Jamie Arniel 27 (Petr Pohl 47, J.T. Brown 14) at 0:51
6. Griffins , Mike Duco 17 (J.T. Brown 15, Nathan Oystrick 7) at 4:47
7. Griffins , Greg Mauldin 15 (Gord Baldwin 10) at 6:39

Penalties :
Petr Pohl (Cap) for Holding Stick (Minor) at 2:25, Oscar Klefbom (Cap) for Hooking (Minor) at 15:50

3rd period

8. Griffins , Lucas Lessio 4 (Jan Mursak 12, Devin Shore 11) at 0:50
9. Thunder , Jay Beagle 12 (Zach Redmond 14, Adam Hall 25) at 1:06

Penalties :
Devin Shore (Cap) for Hooking (Minor) at 5:41, Oscar Klefbom (Cap) for Hooking (Minor) at 9:21

Goalie Stats

Jason Missiaen (Cap), 33 saves from 35 shots - (0.943), W, 21-8-5, 60:00 minutes
Connor Hellebyuk (TRO), 16 saves from 19 shots - (0.842), 39:09 minutes
Jake Allen (TRO), 13 saves from 17 shots - (0.765), L, 0-1-0, 20:51 minutes

Players Stats for Griffins

Player Name              G  A  P  +/- PIM S  H  SB GA TA FO     MP     PP MP  PK MP  
------------------------------------------------------------------------------------
Ben Hanowski             0  1  1   2  0   2  2  0  0  1  0/0    12:47   1:40   0:00 
Devin Shore              1  1  2   0  2   1  1  0  0  0  2/7    15:12   1:40   0:51 
Gord Baldwin             0  1  1   2  0   0  1  1  0  0  0/0    20:42   1:13   5:24 
Greg Mauldin             1  0  1   2  0   2  3  0  0  0  9/14   10:48   0:00   0:00 
J.T. Brown               0  2  2   1  0   2  2  1  2  0  1/3    15:51   0:00   3:06 
Jamie Arniel             1  1  2   1  0   6  2  0  2  0  16/35  22:23   2:18   4:12 
Jan Mursak               0  1  1   1  0   1  1  0  0  0  0/0    12:09   0:00   5:27 
Justin Braun             0  0  0   0  0   0  3  2  0  1  0/0    24:47   0:00   5:24 
Lucas Lessio             1  0  1   1  0   1  0  0  1  0  0/0     7:44   0:00   1:22 
Mike Duco                2  0  2   3  0   5  1  0  0  1  0/0    14:17   0:00   3:06 
Nathan Oystrick          0  2  2   3  0   1  0  0  0  2  0/0    16:05   0:00   4:31 
Oscar Klefbom            0  0  0   0  4   4  1  1  0  0  0/0    23:21   2:45   0:00 
Petr Pohl                1  1  2   2  2   7  2  0  1  0  2/4    20:20   2:18   1:46 
Petter Granberg          0  0  0   2  0   0  1  0  2  3  0/0    13:36   1:13   0:00 
Pontus Aberg             0  0  0   1  0   1  2  0  0  0  2/2    17:45   2:18   0:00 
Simon Despres            0  0  0   3  0   2  3  2  1  0  0/0    21:37   2:45   4:31 
Tye McGinn               0  1  1   0  0   1  0  0  2  1  0/1    14:21   1:40   0:00 
Vladislav Namestnikov    0  0  0   1  0   0  0  0  0  0  2/3     6:16   0:00   0:00 

Players Stats for Thunder

Player Name              G  A  P  +/- PIM S  H  SB GA TA FO     MP     PP MP  PK MP  
------------------------------------------------------------------------------------
Adam Hall                0  1  1  -3  0   4  0  3  0  1  2/3    21:18   5:10   1:05 
Austin Wuthrich          0  0  0  -1  0   0  0  0  0  0  0/0     4:35   0:00   0:00 
Brandon Saad             0  0  0  -4  0   4  2  1  0  0  1/1    23:24   5:10   0:14 
Dany Roussin             0  1  1  -1  0   4  3  0  0  1  0/0    20:21   4:42   2:39 
Daultan Leveillé         1  0  1  -1  0   2  0  0  1  0  9/17   17:42   4:42   0:00 
David Fischer            0  0  0  -4  0   1  3  3  0  4  0/0    27:28   5:09   2:04 
David Wolf               0  0  0   0  0   0  0  0  1  0  0/1     1:44   0:03   0:00 
Gianluca Curcuruto       0  0  0   0  0   0  0  0  0  0  0/0    11:15   0:00   0:00 
Jared Staal              0  0  0  -1  2   0  1  0  0  1  0/0    17:46   4:42   0:00 
Jay Beagle               1  0  1  -3  0   6  1  0  0  0  13/29  21:18   5:10   1:05 
Joe Labate               0  0  0   0  0   0  1  1  0  2  3/5    13:11   0:00   0:00 
Joey Ryan                0  0  0  -4  0   4  5  3  1  1  0/0    27:28   5:09   2:04 
Mike Hoffman             0  0  0   0  2   5  1  0  2  0  2/2    13:44   0:00   0:14 
Mikko Vainonen           0  0  0   0  0   0  1  1  0  0  0/0    11:15   0:00   0:00 
Nikolay Prokhorkin       0  0  0   0  0   0  0  0  0  0  0/0     0:16   0:03   0:00 
Peter Andersson          0  0  0  -1  0   0  0  0  0  0  0/0    21:17   4:46   1:54 
Scott Parse              0  0  0   0  0   0  0  0  0  1  3/5     2:39   0:00   2:39 
Thomas Spelling          0  0  0   0  0   1  0  2  3  0  0/1    13:27   0:03   0:00 
Zach Redmond             0  1  1  -1  0   3  1  0  1  0  0/0    21:17   4:46   1:54 
Zach Stepan              0  0  0  -1  0   1  0  0  0  0  2/5     4:35   0:00   0:00 

3 Stars

1 - Mike Duco (Cap)
2 - Jamie Arniel (Cap)
3 - Greg Mauldin (Cap)

Power Play

Griffins - 0 on 2 Attempt(s) - 0.00%
Thunder - 0 on 5 Attempt(s) - 0.00%

Penalty Kill

Griffins - 5 on 5 Attempt(s) - 100.00% - Score 0 goal in Penalty Kill
Thunder - 2 on 2 Attempt(s) - 100.00% - Score 0 goal in Penalty Kill

Team Stat

Griffins - Hits : 25 - Faceoff Wins : 34 - Blocked Shots : 7 - Penalty Minutes : 10
Thunder - Hits : 19 - Faceoff Wins : 35 - Blocked Shots : 14 - Penalty Minutes : 4

Official

Referees : Walsh Ian and Leggo Mike
Linesman : Tony Sericolo and Tim Nowak

Game Notes

Connor Hellebyuk enters game at 0:51 of 2nd period
Justin Braun is injured at 18:22 of 3rd period (Strained Right Elbow)

Finance

Level 1 -- Attendance: 1525 (76.25%) -- Ticket Income $61,000
Level 2 -- Attendance: 704 (70.40%) -- Ticket Income $14,080
Total Attendance: 2229 (74.30%)
Total Ticket Income: $75,080
Other Income: $3,754
Total Income: $78,834

Griffins

5 vs 5 Forward 
   Center                   Left Wing                Right Wing               Time % Phy DF OF 
 1 Jamie Arniel             Pontus Aberg             Petr Pohl                40     0   2  3  
 2 Devin Shore              Tye McGinn               J.T. Brown               25     0   2  3  
 3 Greg Mauldin             Mike Duco                Ben Hanowski             25     0   2  3  
 4 Vladislav Namestnikov    Jan Mursak               Lucas Lessio             10     0   2  3  

5 vs 5 Defense 
   Defense                  Defense                                           Time % Phy DF OF 
 1 Justin Braun             Oscar Klefbom                                     40     1   2  2  
 2 Gord Baldwin             Simon Despres                                     30     1   2  2  
 3 Nathan Oystrick          Petter Granberg                                   20     1   2  2  
 4 Nathan Oystrick          Petter Granberg                                   10     1   2  2  

PowerPlay Forward 
   Center                   Left Wing                Right Wing               Time % Phy DF OF 
 1 Jamie Arniel             Pontus Aberg             Petr Pohl                60     0   1  4  
 2 Devin Shore              Tye McGinn               Ben Hanowski             40     0   1  4  

PowerPlay Defense
   Defense                  Defense                                           Time % Phy DF OF 
 1 Simon Despres            Oscar Klefbom                                     60     0   1  4  
 2 Gord Baldwin             Petter Granberg                                   40     0   1  4  

Penalty Kill 4 Players Forward 
   Center                   Wing                     Time % Phy DF OF 
 1 Jamie Arniel             Jan Mursak               60     1   2  2  
 2 J.T. Brown               Mike Duco                40     1   2  2  

Penalty Kill 4 Players Defense
   Defense                  Defense                  Time % Phy DF OF 
 1 Gord Baldwin             Justin Braun             60     1   2  2  
 2 Simon Despres            Nathan Oystrick          40     1   2  2  

Penalty Kill - 3 Players Forward 
   Forward                                           Time % Phy DF OF 
 1 Jamie Arniel                                      60     1   2  2  
 2 Mike Duco                                         40     1   2  2  

Penalty Kill - 3 Players Defense
   Defense                  Defense                  Time % Phy DF OF 
 1 Gord Baldwin             Justin Braun             60     1   2  2  
 2 Simon Despres            Nathan Oystrick          40     1   2  2  

4 vs 4 Forward 
   Center                   Wing                     Time % Phy DF OF 
 1 Jamie Arniel             Petr Pohl                60     1   2  2  
 2 Devin Shore              Tye McGinn               40     1   2  2  

4 vs 4 Defense
   Defense                  Defense                  Time % Phy DF OF 
 1 Nathan Oystrick          Oscar Klefbom            60     1   2  2  
 2 Justin Braun             Simon Despres            40     1   2  2  

Last Minutes Offensive
   Center                   Left Wing                Right Wing               Defense                  Defense                  
   Jamie Arniel             Tye McGinn               Petr Pohl                Oscar Klefbom            Simon Despres            

Last Minutes Defensive
   Center                   Left Wing                Right Wing               Defense                  Defense                  
   Jamie Arniel             Jan Mursak               Mike Duco                Gord Baldwin             Nathan Oystrick          

Goaltenders
Starting : Jason Missiaen           
Backup : Malcolm Subban           

Extra Forwards
Normal : Jamie Arniel, Devin Shore, Pontus Aberg - PP : Pontus Aberg, Devin Shore - PK : Petr Pohl
Extra Defensemen
Normal : Simon Despres, Oscar Klefbom, Petter Granberg - PP : Justin Braun - PK : Simon Despres, Oscar Klefbom
Penalty Shots
Jan Mursak, Petr Pohl, Jamie Arniel, Tye McGinn, Greg Mauldin

Scratches
Garrett Wilson (Healthy), Tanner Kero (Healthy), Greg McKegg (Healthy), Kyle Lawson (Healthy), Brett Bulmer (Healthy)
Stuart Percy (Healthy), Rich Clune (Healthy), Jerome Gauthier-Leduc (Healthy), Robert Dome (Healthy), Konrad Abeltshauser (Healthy)
Tomas Hyka (Healthy), Brian Hart (Healthy), Casey Wellman (Healthy), Thomas Greiss (Healthy)

Thunder

5 vs 5 Forward 
   Center                   Left Wing                Right Wing               Time % Phy DF OF 
 1 Jay Beagle               Brandon Saad             Adam Hall                40     1   2  2  
 2 Daultan Leveillé         Dany Roussin             Jared Staal              30     1   2  2  
 3 Joe Labate               Mike Hoffman             Thomas Spelling          20     1   2  2  
 4 Zach Stepan              Brandon Saad             Austin Wuthrich          10     1   2  2  

5 vs 5 Defense 
   Defense                  Defense                                           Time % Phy DF OF 
 1 David Fischer            Joey Ryan                                         40     1   2  2  
 2 Zach Redmond             Peter Andersson                                   30     1   2  2  
 3 Mikko Vainonen           Gianluca Curcuruto                                20     1   2  2  
 4 David Fischer            Joey Ryan                                         10     1   2  2  

PowerPlay Forward 
   Center                   Left Wing                Right Wing               Time % Phy DF OF 
 1 Jay Beagle               Brandon Saad             Adam Hall                60     1   2  2  
 2 Daultan Leveillé         Dany Roussin             Jared Staal              40     1   2  2  

PowerPlay Defense
   Defense                  Defense                                           Time % Phy DF OF 
 1 David Fischer            Joey Ryan                                         60     1   2  2  
 2 Zach Redmond             Peter Andersson                                   40     1   2  2  

Penalty Kill 4 Players Forward 
   Center                   Wing                     Time % Phy DF OF 
 1 Scott Parse              Dany Roussin             60     1   2  2  
 2 Adam Hall                Jay Beagle               40     1   2  2  

Penalty Kill 4 Players Defense
   Defense                  Defense                  Time % Phy DF OF 
 1 David Fischer            Joey Ryan                60     1   2  2  
 2 Zach Redmond             Peter Andersson          40     1   2  2  

Penalty Kill - 3 Players Forward 
   Forward                                           Time % Phy DF OF 
 1 Scott Parse                                       60     1   2  2  
 2 Dany Roussin                                      40     1   2  2  

Penalty Kill - 3 Players Defense
   Defense                  Defense                  Time % Phy DF OF 
 1 David Fischer            Joey Ryan                60     1   2  2  
 2 Zach Redmond             Peter Andersson          40     1   2  2  

4 vs 4 Forward 
   Center                   Wing                     Time % Phy DF OF 
 1 Scott Parse              Dany Roussin             60     1   2  2  
 2 Adam Hall                Jay Beagle               40     1   2  2  

4 vs 4 Defense
   Defense                  Defense                  Time % Phy DF OF 
 1 David Fischer            Joey Ryan                60     1   2  2  
 2 Zach Redmond             Peter Andersson          40     1   2  2  

Last Minutes Offensive
   Center                   Left Wing                Right Wing               Defense                  Defense                  
   Jay Beagle               Scott Parse              Adam Hall                David Fischer            Joey Ryan                

Last Minutes Defensive
   Center                   Left Wing                Right Wing               Defense                  Defense                  
   Jay Beagle               Scott Parse              Adam Hall                David Fischer            Joey Ryan                

Goaltenders
Starting : Jake Allen               
Backup : Connor Hellebyuk         

Extra Forwards
Normal : David Wolf, Nikolay Prokhorkin, Mike Hoffman - PP : David Wolf, Nikolay Prokhorkin - PK : Mike Hoffman
Extra Defensemen
Normal : Mikko Vainonen, Gianluca Curcuruto, Zach Redmond - PP : Mikko Vainonen - PK : Gianluca Curcuruto, Zach Redmond
Penalty Shots
Scott Parse, Dany Roussin, Adam Hall, Jay Beagle, Daultan Leveillé

Scratches
Devan Dubnyk (Healthy), Niklas Treutle (Healthy)

% Time on Ice - Griffins

Lines # - Real PCT - Wanted PCT - Time Play
Normal Forward
1 - 35% - 40% - 15:59
2 - 28% - 25% - 13:04
3 - 23% - 25% - 10:48
4 - 14% - 10% - 6:16
Normal Defense
1 - 44% - 40% - 20:20
2 - 31% - 30% - 14:20
3 - 18% - 20% - 8:30
4 - 6% - 10% - 2:57
PP Forward
1 - 58% - 60% - 2:18
2 - 42% - 40% - 1:40
PP Defense
1 - 69% - 60% - 2:45
2 - 31% - 40% - 1:13
PK Forward
1 - 69% - 60% - 6:49
2 - 31% - 40% - 3:06
PK Defense
1 - 54% - 60% - 5:24
2 - 46% - 40% - 4:31
PK3 Forward
1 - 0% - 60%
2 - 0% - 40%
PK3 Defense
1 - 0% - 60%
2 - 0% - 40%
44 Forward
1 - 0% - 60%
2 - 0% - 40%
44 Defense
1 - 0% - 60%
2 - 0% - 40%
Last Minute Offensive  - 0:00
Last Minute Defensive  - 0:00
Total
Forward - 60:00
Defense - 60:00

% Time on Ice - Thunder

Lines # - Real PCT - Wanted PCT - Time Play
Normal Forward
1 - 33% - 40% - 15:06
2 - 29% - 30% - 13:15
3 - 29% - 20% - 13:11
4 - 10% - 10% - 4:35
Normal Defense
1 - 41% - 40% - 19:06
2 - 32% - 30% - 14:37
3 - 24% - 20% - 11:15
4 - 2% - 10% - 1:09
PP Forward
1 - 53% - 60% - 5:13
2 - 47% - 40% - 4:42
PP Defense
1 - 52% - 60% - 5:09
2 - 48% - 40% - 4:46
PK Forward
1 - 73% - 60% - 2:53
2 - 27% - 40% - 1:05
PK Defense
1 - 52% - 60% - 2:04
2 - 48% - 40% - 1:54
PK3 Forward
1 - 0% - 60%
2 - 0% - 40%
PK3 Defense
1 - 0% - 60%
2 - 0% - 40%
44 Forward
1 - 0% - 60%
2 - 0% - 40%
44 Defense
1 - 0% - 60%
2 - 0% - 40%
Last Minute Offensive  - 0:00
Last Minute Defensive  - 0:00
Total
Forward - 60:00
Defense - 60:00

Play by Play

1st period


0:01 of 1st period - Jay Beagle wins face-off versus Jamie Arniel in neutral zone.
0:32 of 1st period - Slapshot by J.T. Brown.
0:32 of 1st period - Shot Misses the Net.
0:34 of 1st period - Slapshot by Justin Braun.
0:34 of 1st period - Shot Blocked by Joey Ryan.
0:43 of 1st period - Icing by David Fischer.
0:44 of 1st period - Mike Hoffman wins face-off versus Greg Mauldin in Thunder zone.
1:11 of 1st period - Snap shot by Jan Mursak.
1:11 of 1st period - Stopped by Jake Allen with a rebound.
2:05 of 1st period - Simon Despres is hit by Mikko Vainonen and loses puck.
2:34 of 1st period - Snap shot by Mike Hoffman.
2:34 of 1st period - Deflect By Daultan Leveillé.
2:34 of 1st period - Shot Misses the Net.
2:34 of 1st period - Puck is out of play.
2:35 of 1st period - Daultan Leveillé wins face-off versus Petr Pohl in Griffins zone.
2:42 of 1st period - Slapshot by Daultan Leveillé.
2:42 of 1st period - Stopped by Jason Missiaen without a rebound.
2:42 of 1st period - Minor Penalty to Jason Missiaen for Slashing.
2:43 of 1st period - Petr Pohl wins face-off versus Jay Beagle in Griffins zone.
2:52 of 1st period - Slapshot by Adam Hall.
2:52 of 1st period - Stopped by Jason Missiaen without a rebound.
2:53 of 1st period - Petr Pohl wins face-off versus Jay Beagle in Griffins zone.
3:16 of 1st period - Justin Braun is hit by Joey Ryan and loses puck.
3:31 of 1st period - Wrist shot by Jay Beagle.
3:31 of 1st period - Stopped by Jason Missiaen with a rebound.
3:33 of 1st period - Snap shot by Brandon Saad.
3:33 of 1st period - Shot Misses the Net.
3:35 of 1st period - Slapshot by Joey Ryan.
3:35 of 1st period - Stopped by Jason Missiaen without a rebound.
3:36 of 1st period - Daultan Leveillé wins face-off versus J.T. Brown in Griffins zone.
3:49 of 1st period - Wrist shot by Dany Roussin.
3:49 of 1st period - Deflect By Daultan Leveillé.
3:49 of 1st period - Shot Blocked by Simon Despres.
3:49 of 1st period - Puck is out of play.
3:50 of 1st period - J.T. Brown wins face-off versus Daultan Leveillé in Griffins zone.
4:42 of 1st period - Penalty to Jamie Arniel is over, Jamie Arniel is back on ice.
5:09 of 1st period - Zach Redmond is hit by Jan Mursak and loses puck.
5:30 of 1st period - Snap shot by Brandon Saad.
5:30 of 1st period - Stopped by Jason Missiaen with a rebound.
6:09 of 1st period - Off-side.
6:10 of 1st period - Vladislav Namestnikov wins face-off versus Daultan Leveillé in neutral zone.
6:42 of 1st period - Joey Ryan is hit by Devin Shore and loses puck.
6:53 of 1st period - Snap shot by Ben Hanowski.
6:53 of 1st period - Stopped by Jake Allen without a rebound.
6:54 of 1st period - Adam Hall wins face-off versus Greg Mauldin in Thunder zone.
7:04 of 1st period - Slapshot by Brandon Saad.
7:04 of 1st period - Stopped by Jason Missiaen with a rebound.
7:42 of 1st period - Snap shot by Mike Hoffman.
7:42 of 1st period - Stopped by Jason Missiaen without a rebound.
7:43 of 1st period - Joe Labate wins face-off versus Devin Shore in Griffins zone.
7:44 of 1st period - Snap shot by Thomas Spelling.
7:44 of 1st period - Stopped by Jason Missiaen without a rebound.
7:45 of 1st period - Jamie Arniel wins face-off versus Thomas Spelling in Griffins zone.
7:52 of 1st period - Snap shot by David Fischer.
7:52 of 1st period - Shot Misses the Net.
7:54 of 1st period - Wrist shot by Mike Hoffman.
7:54 of 1st period - Stopped by Jason Missiaen with a rebound.
7:58 of 1st period - Snap shot by Mike Hoffman.
7:58 of 1st period - Shot Misses the Net.
8:00 of 1st period - Snap shot by Thomas Spelling.
8:00 of 1st period - Shot Misses the Net.
8:24 of 1st period - Jay Beagle is hit by J.T. Brown.
8:31 of 1st period - Icing by Oscar Klefbom.
8:32 of 1st period - Daultan Leveillé wins face-off versus Devin Shore in Griffins zone.
8:35 of 1st period - Snap shot by Daultan Leveillé.
8:35 of 1st period - Goal by Daultan Leveillé - Griffins : 0 - Thunder : 1.
8:36 of 1st period - Pontus Aberg wins face-off versus Jay Beagle in neutral zone.
9:06 of 1st period - Backhand shot by Mike Duco.
9:06 of 1st period - Goal by Mike Duco - Griffins : 1 - Thunder : 1.
9:07 of 1st period - Jamie Arniel wins face-off versus Jay Beagle in neutral zone.
9:10 of 1st period - Wrist shot by Petr Pohl.
9:10 of 1st period - Deflect By Jamie Arniel.
9:10 of 1st period - Shot Misses the Net.
9:10 of 1st period - Puck is out of play.
9:11 of 1st period - Jay Beagle wins face-off versus Jamie Arniel in Thunder zone.
9:11 of 1st period - Jay Beagle is hit by Jamie Arniel.
9:41 of 1st period - Wrist shot by Mike Duco.
9:41 of 1st period - Shot Misses the Net.
9:43 of 1st period - Wrist shot by Petter Granberg.
9:43 of 1st period - Shot Blocked by David Fischer.
9:45 of 1st period - Slapshot by Mike Duco.
9:45 of 1st period - Shot Blocked by Joey Ryan.
9:47 of 1st period - Snap shot by Mike Duco.
9:47 of 1st period - Stopped by Jake Allen with a rebound.
9:53 of 1st period - Minor Penalty to Jared Staal for Hooking.
9:54 of 1st period - Jamie Arniel wins face-off versus Scott Parse in Thunder zone.
10:01 of 1st period - Snap shot by Jamie Arniel.
10:01 of 1st period - Shot Misses the Net.
10:25 of 1st period - Wrist shot by Ben Hanowski.
10:25 of 1st period - Deflect By Devin Shore.
10:25 of 1st period - Shot Misses the Net.
10:25 of 1st period - Puck is out of play.
10:26 of 1st period - Adam Hall wins face-off versus Jamie Arniel in Thunder zone.
11:25 of 1st period - Peter Andersson is hit by Pontus Aberg and loses puck.
11:53 of 1st period - Penalty to Jared Staal is over, Jared Staal is back on ice.
12:07 of 1st period - Slapshot by Oscar Klefbom.
12:07 of 1st period - Deflect By Brandon Saad.
12:07 of 1st period - Stopped by Jake Allen without a rebound.
12:08 of 1st period - Zach Stepan wins face-off versus Vladislav Namestnikov in Thunder zone.
12:32 of 1st period - Off-side.
12:33 of 1st period - Greg Mauldin wins face-off versus Daultan Leveillé in neutral zone.
13:18 of 1st period - Icing by Simon Despres.
13:19 of 1st period - Jamie Arniel wins face-off versus Jay Beagle in Griffins zone.
13:34 of 1st period - Snap shot by Devin Shore.
13:34 of 1st period - Goal by Devin Shore - Griffins : 2 - Thunder : 1.
13:35 of 1st period - Jamie Arniel wins face-off versus Jay Beagle in neutral zone.
13:40 of 1st period - Snap shot by Jamie Arniel.
13:40 of 1st period - Deflect By Petr Pohl.
13:40 of 1st period - Stopped by Jake Allen with a rebound.
14:48 of 1st period - Jay Beagle is hit by Petter Granberg and loses puck.
14:53 of 1st period - Snap shot by Greg Mauldin.
14:53 of 1st period - Shot Misses the Net.
15:05 of 1st period - Snap shot by Thomas Spelling.
15:05 of 1st period - Shot Misses the Net.
15:11 of 1st period - Snap shot by Mike Hoffman.
15:11 of 1st period - Stopped by Jason Missiaen with a rebound.
15:13 of 1st period - Wrist shot by Joe Labate.
15:13 of 1st period - Shot Blocked by Gord Baldwin.
15:15 of 1st period - Snap shot by Mike Hoffman.
15:15 of 1st period - Shot Misses the Net.
15:25 of 1st period - Slapshot by J.T. Brown.
15:25 of 1st period - Stopped by Jake Allen with a rebound.
15:33 of 1st period - Snap shot by J.T. Brown.
15:33 of 1st period - Stopped by Jake Allen with a rebound.
15:35 of 1st period - Snap shot by J.T. Brown.
15:35 of 1st period - Deflect By Devin Shore.
15:35 of 1st period - Shot Blocked by Brandon Saad.
15:35 of 1st period - Puck is out of play.
15:36 of 1st period - Greg Mauldin wins face-off versus Joe Labate in Thunder zone.
15:46 of 1st period - Minor Penalty to Mike Hoffman for Holding.
15:47 of 1st period - Scott Parse wins face-off versus Jamie Arniel in Thunder zone.
15:51 of 1st period - Joey Ryan is hit by Petr Pohl and loses puck.
16:07 of 1st period - Icing by Jamie Arniel.
16:08 of 1st period - Jamie Arniel wins face-off versus Scott Parse in Griffins zone.
16:12 of 1st period - Off-side.
16:13 of 1st period - Scott Parse wins face-off versus Jamie Arniel in neutral zone.
16:28 of 1st period - Wrist shot by Jamie Arniel.
16:28 of 1st period - Stopped by Jake Allen without a rebound.
16:29 of 1st period - Scott Parse wins face-off versus Jamie Arniel in Thunder zone.
17:04 of 1st period - Off-side.
17:05 of 1st period - Devin Shore wins face-off versus Adam Hall in neutral zone.
17:24 of 1st period - Scott Parse is hit by Ben Hanowski and loses puck.
17:43 of 1st period - Jay Beagle is hit by Ben Hanowski and loses puck.
17:46 of 1st period - Penalty to Mike Hoffman is over, Mike Hoffman is back on ice.
17:56 of 1st period - Wrist shot by Ben Hanowski.
17:56 of 1st period - Shot Misses the Net.
17:58 of 1st period - Snap shot by Ben Hanowski.
17:58 of 1st period - Shot Blocked by David Fischer.
18:00 of 1st period - Snap shot by Oscar Klefbom.
18:00 of 1st period - Deflect By Ben Hanowski.
18:00 of 1st period - Shot Blocked by David Fischer.
18:00 of 1st period - Puck is out of play.
18:01 of 1st period - Jamie Arniel wins face-off versus Zach Stepan in Thunder zone.
18:02 of 1st period - Snap shot by Petr Pohl.
18:02 of 1st period - Goal by Petr Pohl - Griffins : 3 - Thunder : 1.
18:03 of 1st period - Pontus Aberg wins face-off versus Jay Beagle in neutral zone.
18:10 of 1st period - Snap shot by Petr Pohl.
18:10 of 1st period - Shot Blocked by Adam Hall.
18:55 of 1st period - Slapshot by Simon Despres.
18:55 of 1st period - Stopped by Jake Allen without a rebound.
18:56 of 1st period - Jamie Arniel wins face-off versus Daultan Leveillé in Thunder zone.
19:07 of 1st period - Snap shot by Petr Pohl.
19:07 of 1st period - Shot Misses the Net.
19:09 of 1st period - Slapshot by Petr Pohl.
19:09 of 1st period - Stopped by Jake Allen with a rebound.
19:11 of 1st period - Wrist shot by Pontus Aberg.
19:11 of 1st period - Stopped by Jake Allen without a rebound.
19:12 of 1st period - Greg Mauldin wins face-off versus Joe Labate in Thunder zone.
19:23 of 1st period - Slapshot by Mike Duco.
19:23 of 1st period - Stopped by Jake Allen without a rebound.
19:24 of 1st period - Brandon Saad wins face-off versus Jamie Arniel in Thunder zone.
19:24 of 1st period - Brandon Saad is hit by Pontus Aberg.
19:48 of 1st period - Ben Hanowski is hit by Dany Roussin and loses puck.
Goals for this period are 3 for Griffins vs 1 for Thunder.
Shots for this period are 15 for Griffins vs 11 for Thunder.

2nd period


0:01 of 2nd period - Jamie Arniel wins face-off versus Jay Beagle in neutral zone.
0:15 of 2nd period - Snap shot by Petr Pohl.
0:15 of 2nd period - Stopped by Jake Allen without a rebound.
0:16 of 2nd period - Daultan Leveillé wins face-off versus Devin Shore in Thunder zone.
0:16 of 2nd period - Daultan Leveillé is hit by Justin Braun.
0:34 of 2nd period - Tye McGinn is hit by David Fischer and loses puck.
0:51 of 2nd period - Wrist shot by Jamie Arniel.
0:51 of 2nd period - Goal by Jamie Arniel - Griffins : 4 - Thunder : 1.
0:51 of 2nd period - Connor Hellebyuk enters game.
0:52 of 2nd period - Jamie Arniel wins face-off versus Jay Beagle in neutral zone.
1:00 of 2nd period - Snap shot by Jamie Arniel.
1:00 of 2nd period - Shot Misses the Net.
1:02 of 2nd period - Wrist shot by Jamie Arniel.
1:02 of 2nd period - Stopped by Connor Hellebyuk without a rebound.
1:03 of 2nd period - Jay Beagle wins face-off versus Petr Pohl in Thunder zone.
1:28 of 2nd period - Ben Hanowski is hit by Zach Redmond and loses puck.
1:39 of 2nd period - Snap shot by Dany Roussin.
1:39 of 2nd period - Stopped by Jason Missiaen with a rebound.
1:41 of 2nd period - Slapshot by Joey Ryan.
1:41 of 2nd period - Stopped by Jason Missiaen with a rebound.
1:55 of 2nd period - Snap shot by J.T. Brown.
1:55 of 2nd period - Shot Misses the Net.
1:57 of 2nd period - Slapshot by Simon Despres.
1:57 of 2nd period - Stopped by Connor Hellebyuk without a rebound.
1:58 of 2nd period - Jay Beagle wins face-off versus Jamie Arniel in Thunder zone.
1:58 of 2nd period - Jay Beagle is hit by Oscar Klefbom.
2:25 of 2nd period - Minor Penalty to Petr Pohl for Holding Stick.
2:26 of 2nd period - Jay Beagle wins face-off versus Jamie Arniel in Griffins zone.
2:39 of 2nd period - Snap shot by Adam Hall.
2:39 of 2nd period - Stopped by Jason Missiaen with a rebound.
3:03 of 2nd period - Slapshot by Adam Hall.
3:03 of 2nd period - Shot Misses the Net.
4:25 of 2nd period - Penalty to Petr Pohl is over, Petr Pohl is back on ice.
4:41 of 2nd period - Slapshot by Petr Pohl.
4:41 of 2nd period - Stopped by Connor Hellebyuk with a rebound.
4:43 of 2nd period - Slapshot by Nathan Oystrick.
4:43 of 2nd period - Stopped by Connor Hellebyuk with a rebound.
4:45 of 2nd period - Snap shot by J.T. Brown.
4:45 of 2nd period - Shot Blocked by Joey Ryan.
4:47 of 2nd period - Snap shot by Mike Duco.
4:47 of 2nd period - Goal by Mike Duco - Griffins : 5 - Thunder : 1.
4:48 of 2nd period - Daultan Leveillé wins face-off versus Jamie Arniel in neutral zone.
4:51 of 2nd period - Petr Pohl is hit by Dany Roussin and loses puck.
4:59 of 2nd period - Justin Braun is hit by Jared Staal and loses puck.
5:14 of 2nd period - Zach Redmond is hit by Greg Mauldin and loses puck.
6:39 of 2nd period - Wrist shot by Greg Mauldin.
6:39 of 2nd period - Goal by Greg Mauldin - Griffins : 6 - Thunder : 1.
6:40 of 2nd period - Jay Beagle wins face-off versus Jamie Arniel in neutral zone.
7:16 of 2nd period - Slapshot by Jay Beagle.
7:16 of 2nd period - Stopped by Jason Missiaen with a rebound.
7:18 of 2nd period - Slapshot by Zach Redmond.
7:18 of 2nd period - Stopped by Jason Missiaen with a rebound.
7:20 of 2nd period - Slapshot by Zach Redmond.
7:20 of 2nd period - Deflect By Adam Hall.
7:20 of 2nd period - Stopped by Jason Missiaen with a rebound.
7:22 of 2nd period - Wrist shot by Brandon Saad.
7:22 of 2nd period - Shot Misses the Net.
7:38 of 2nd period - Wrist shot by Jay Beagle.
7:38 of 2nd period - Stopped by Jason Missiaen with a rebound.
8:28 of 2nd period - Wrist shot by Brandon Saad.
8:28 of 2nd period - Deflect By Devin Shore.
8:28 of 2nd period - Stopped by Jason Missiaen with a rebound.
9:06 of 2nd period - Snap shot by Tye McGinn.
9:06 of 2nd period - Stopped by Connor Hellebyuk without a rebound.
9:07 of 2nd period - Jamie Arniel wins face-off versus Daultan Leveillé in Thunder zone.
10:07 of 2nd period - Snap shot by Jamie Arniel.
10:07 of 2nd period - Shot Misses the Net.
10:09 of 2nd period - Wrist shot by Pontus Aberg.
10:09 of 2nd period - Shot Misses the Net.
10:11 of 2nd period - Snap shot by Pontus Aberg.
10:11 of 2nd period - Deflect By Jamie Arniel.
10:11 of 2nd period - Shot Misses the Net.
10:11 of 2nd period - Puck is out of play.
10:12 of 2nd period - Joe Labate wins face-off versus Jamie Arniel in Thunder zone.
10:29 of 2nd period - Snap shot by Dany Roussin.
10:29 of 2nd period - Stopped by Jason Missiaen without a rebound.
10:30 of 2nd period - Greg Mauldin wins face-off versus Daultan Leveillé in Griffins zone.
10:45 of 2nd period - Wrist shot by Daultan Leveillé.
10:45 of 2nd period - Shot Misses the Net.
11:43 of 2nd period - Snap shot by David Wolf.
11:43 of 2nd period - Deflect By Zach Stepan.
11:43 of 2nd period - Stopped by Jason Missiaen without a rebound.
11:44 of 2nd period - Zach Stepan wins face-off versus Jamie Arniel in Griffins zone.
11:59 of 2nd period - Wrist shot by Jamie Arniel.
11:59 of 2nd period - Deflect By Mikko Vainonen.
11:59 of 2nd period - Stopped by Connor Hellebyuk with a rebound.
12:29 of 2nd period - Jan Mursak is hit by Joey Ryan and loses puck.
13:56 of 2nd period - Snap shot by Jamie Arniel.
13:56 of 2nd period - Stopped by Connor Hellebyuk with a rebound.
14:09 of 2nd period - Off-side.
14:10 of 2nd period - Joe Labate wins face-off versus Devin Shore in neutral zone.
14:17 of 2nd period - Backhand shot by J.T. Brown.
14:17 of 2nd period - Shot Misses the Net.
14:41 of 2nd period - Slapshot by Jamie Arniel.
14:41 of 2nd period - Shot Misses the Net.
14:43 of 2nd period - Snap shot by Petr Pohl.
14:43 of 2nd period - Shot Blocked by Mikko Vainonen.
14:45 of 2nd period - Wrist shot by Petr Pohl.
14:45 of 2nd period - Deflect By Jamie Arniel.
14:45 of 2nd period - Stopped by Connor Hellebyuk without a rebound.
14:46 of 2nd period - Jay Beagle wins face-off versus Greg Mauldin in Thunder zone.
14:46 of 2nd period - Jay Beagle is hit by Mike Duco.
15:14 of 2nd period - Slapshot by David Fischer.
15:14 of 2nd period - Shot Blocked by Justin Braun.
15:16 of 2nd period - Slapshot by Joey Ryan.
15:16 of 2nd period - Stopped by Jason Missiaen with a rebound.
15:34 of 2nd period - Slapshot by Mike Hoffman.
15:34 of 2nd period - Shot Misses the Net.
15:36 of 2nd period - Snap shot by Thomas Spelling.
15:36 of 2nd period - Shot Misses the Net.
15:50 of 2nd period - Minor Penalty to Oscar Klefbom for Hooking.
15:51 of 2nd period - Jamie Arniel wins face-off versus Jay Beagle in Griffins zone.
16:16 of 2nd period - Jan Mursak is hit by Dany Roussin and loses puck.
17:12 of 2nd period - Lucas Lessio is hit by David Fischer and loses puck.
17:23 of 2nd period - Joey Ryan is hit by Gord Baldwin and loses puck.
17:50 of 2nd period - Penalty to Oscar Klefbom is over, Oscar Klefbom is back on ice.
18:33 of 2nd period - Zach Stepan is hit by Jamie Arniel and loses puck.
19:27 of 2nd period - Icing by Jared Staal.
19:28 of 2nd period - Greg Mauldin wins face-off versus Zach Stepan in Thunder zone.
19:29 of 2nd period - Wrist shot by Ben Hanowski.
19:29 of 2nd period - Shot Misses the Net.
19:31 of 2nd period - Snap shot by Ben Hanowski.
19:31 of 2nd period - Shot Misses the Net.
19:41 of 2nd period - Slapshot by Greg Mauldin.
19:41 of 2nd period - Deflect By Joey Ryan.
19:41 of 2nd period - Stopped by Connor Hellebyuk without a rebound.
19:42 of 2nd period - Devin Shore wins face-off versus Daultan Leveillé in Thunder zone.
Goals for this period are 3 for Griffins vs 0 for Thunder.
Shots for this period are 13 for Griffins vs 11 for Thunder.

3rd period


0:01 of 3rd period - Jamie Arniel wins face-off versus Jay Beagle in neutral zone.
0:01 of 3rd period - Jamie Arniel is hit by David Fischer.
0:50 of 3rd period - Snap shot by Lucas Lessio.
0:50 of 3rd period - Goal by Lucas Lessio - Griffins : 7 - Thunder : 1.
0:51 of 3rd period - Jamie Arniel wins face-off versus Jay Beagle in neutral zone.
0:54 of 3rd period - Slapshot by Oscar Klefbom.
0:54 of 3rd period - Shot Blocked by Adam Hall.
1:06 of 3rd period - Snap shot by Jay Beagle.
1:06 of 3rd period - Goal by Jay Beagle - Griffins : 7 - Thunder : 2.
1:07 of 3rd period - Jay Beagle wins face-off versus Jamie Arniel in neutral zone.
1:18 of 3rd period - Wrist shot by Adam Hall.
1:18 of 3rd period - Deflect By Jay Beagle.
1:18 of 3rd period - Shot Misses the Net.
1:18 of 3rd period - Puck is out of play.
1:19 of 3rd period - Jamie Arniel wins face-off versus Jay Beagle in Griffins zone.
1:26 of 3rd period - Wrist shot by Petr Pohl.
1:26 of 3rd period - Stopped by Connor Hellebyuk with a rebound.
2:07 of 3rd period - Wrist shot by Brandon Saad.
2:07 of 3rd period - Shot Blocked by J.T. Brown.
2:09 of 3rd period - Slapshot by Mikko Vainonen.
2:09 of 3rd period - Shot Blocked by Simon Despres.
2:11 of 3rd period - Snap shot by Brandon Saad.
2:11 of 3rd period - Shot Misses the Net.
2:28 of 3rd period - Slapshot by Joey Ryan.
2:28 of 3rd period - Stopped by Jason Missiaen with a rebound.
2:44 of 3rd period - Slapshot by Daultan Leveillé.
2:44 of 3rd period - Shot Misses the Net.
3:02 of 3rd period - Ben Hanowski is hit by Brandon Saad.
4:11 of 3rd period - Snap shot by Jay Beagle.
4:11 of 3rd period - Deflect By Adam Hall.
4:11 of 3rd period - Shot Hit the Post.
4:11 of 3rd period - Puck is out of play.
4:12 of 3rd period - Greg Mauldin wins face-off versus Jay Beagle in Griffins zone.
4:33 of 3rd period - Daultan Leveillé is hit by Petr Pohl.
5:09 of 3rd period - Icing by David Fischer.
5:10 of 3rd period - Greg Mauldin wins face-off versus Jay Beagle in Thunder zone.
5:13 of 3rd period - Snap shot by Mike Duco.
5:13 of 3rd period - Shot Blocked by Adam Hall.
5:31 of 3rd period - Slapshot by Ben Hanowski.
5:31 of 3rd period - Stopped by Connor Hellebyuk without a rebound.
5:32 of 3rd period - Daultan Leveillé wins face-off versus Tye McGinn in Thunder zone.
5:32 of 3rd period - Daultan Leveillé is hit by Simon Despres.
5:41 of 3rd period - Minor Penalty to Devin Shore for Hooking.
5:42 of 3rd period - Jay Beagle wins face-off versus Jamie Arniel in Griffins zone.
6:00 of 3rd period - Brandon Saad is hit by Justin Braun and loses puck.
7:41 of 3rd period - Penalty to Devin Shore is over, Devin Shore is back on ice.
7:49 of 3rd period - Icing by Thomas Spelling.
7:50 of 3rd period - Greg Mauldin wins face-off versus David Wolf in Thunder zone.
7:53 of 3rd period - Wrist shot by Mike Duco.
7:53 of 3rd period - Stopped by Connor Hellebyuk without a rebound.
7:54 of 3rd period - Mike Hoffman wins face-off versus Greg Mauldin in Thunder zone.
8:10 of 3rd period - David Fischer is hit by Greg Mauldin and loses puck.
8:27 of 3rd period - Backhand shot by Dany Roussin.
8:27 of 3rd period - Stopped by Jason Missiaen without a rebound.
8:28 of 3rd period - Daultan Leveillé wins face-off versus Jamie Arniel in Griffins zone.
8:43 of 3rd period - Snap shot by Dany Roussin.
8:43 of 3rd period - Stopped by Jason Missiaen without a rebound.
8:44 of 3rd period - Jay Beagle wins face-off versus Devin Shore in Griffins zone.
8:47 of 3rd period - Wrist shot by Adam Hall.
8:47 of 3rd period - Shot Blocked by Oscar Klefbom.
8:53 of 3rd period - Snap shot by Jay Beagle.
8:53 of 3rd period - Stopped by Jason Missiaen with a rebound.
8:55 of 3rd period - Snap shot by David Fischer.
8:55 of 3rd period - Shot Blocked by Justin Braun.
8:57 of 3rd period - Slapshot by David Fischer.
8:57 of 3rd period - Stopped by Jason Missiaen with a rebound.
9:21 of 3rd period - Minor Penalty to Oscar Klefbom for Hooking.
9:22 of 3rd period - Jay Beagle wins face-off versus Jamie Arniel in Griffins zone.
9:38 of 3rd period - Jan Mursak is hit by Brandon Saad and loses puck.
9:55 of 3rd period - Slapshot by Zach Redmond.
9:55 of 3rd period - Deflect By Mike Duco.
9:55 of 3rd period - Stopped by Jason Missiaen with a rebound.
9:57 of 3rd period - Slapshot by Zach Redmond.
9:57 of 3rd period - Deflect By Gord Baldwin.
9:57 of 3rd period - Stopped by Jason Missiaen without a rebound.
9:58 of 3rd period - Daultan Leveillé wins face-off versus J.T. Brown in Griffins zone.
11:21 of 3rd period - Penalty to Oscar Klefbom is over, Oscar Klefbom is back on ice.
11:39 of 3rd period - Wrist shot by Thomas Spelling.
11:39 of 3rd period - Shot Misses the Net.
11:41 of 3rd period - Snap shot by Mike Hoffman.
11:41 of 3rd period - Shot Misses the Net.
12:09 of 3rd period - Pontus Aberg is hit by Joey Ryan and loses puck.
12:24 of 3rd period - Snap shot by Oscar Klefbom.
12:24 of 3rd period - Stopped by Connor Hellebyuk with a rebound.
12:28 of 3rd period - Slapshot by Jan Mursak.
12:28 of 3rd period - Shot Misses the Net.
12:40 of 3rd period - Joey Ryan is hit by Simon Despres and loses puck.
12:51 of 3rd period - Jared Staal is hit by Simon Despres.
13:30 of 3rd period - Joe Labate is hit by Greg Mauldin.
14:11 of 3rd period - Oscar Klefbom is hit by Joe Labate and loses puck.
14:24 of 3rd period - Joe Labate is hit by J.T. Brown and loses puck.
14:56 of 3rd period - Mike Hoffman is hit by Justin Braun.
15:07 of 3rd period - Tye McGinn is hit by Joey Ryan and loses puck.
15:12 of 3rd period - Snap shot by Mike Hoffman.
15:12 of 3rd period - Stopped by Jason Missiaen with a rebound.
15:23 of 3rd period - J.T. Brown is hit by Mike Hoffman and loses puck.
15:30 of 3rd period - Wrist shot by Mike Hoffman.
15:30 of 3rd period - Stopped by Jason Missiaen with a rebound.
15:56 of 3rd period - Wrist shot by J.T. Brown.
15:56 of 3rd period - Shot Blocked by Thomas Spelling.
15:58 of 3rd period - Slapshot by J.T. Brown.
15:58 of 3rd period - Shot Blocked by Joe Labate.
16:00 of 3rd period - Slapshot by Oscar Klefbom.
16:00 of 3rd period - Stopped by Connor Hellebyuk with a rebound.
16:10 of 3rd period - Wrist shot by J.T. Brown.
16:10 of 3rd period - Deflect By Mike Hoffman.
16:10 of 3rd period - Shot Blocked by Thomas Spelling.
16:10 of 3rd period - Puck is out of play.
16:11 of 3rd period - Jay Beagle wins face-off versus Jamie Arniel in Thunder zone.
16:22 of 3rd period - Snap shot by Adam Hall.
16:22 of 3rd period - Stopped by Jason Missiaen without a rebound.
16:23 of 3rd period - Jay Beagle wins face-off versus Jamie Arniel in Griffins zone.
16:39 of 3rd period - Wrist shot by Oscar Klefbom.
16:39 of 3rd period - Stopped by Connor Hellebyuk without a rebound.
16:40 of 3rd period - Daultan Leveillé wins face-off versus Greg Mauldin in Thunder zone.
17:14 of 3rd period - Wrist shot by Jay Beagle.
17:14 of 3rd period - Deflect By Pontus Aberg.
17:14 of 3rd period - Stopped by Jason Missiaen with a rebound.
17:28 of 3rd period - Wrist shot by Brandon Saad.
17:28 of 3rd period - Stopped by Jason Missiaen without a rebound.
17:29 of 3rd period - Vladislav Namestnikov wins face-off versus Zach Stepan in Griffins zone.
17:50 of 3rd period - Justin Braun is hit by Joey Ryan and loses puck.
18:15 of 3rd period - Snap shot by Petr Pohl.
18:15 of 3rd period - Stopped by Connor Hellebyuk with a rebound.
18:21 of 3rd period - Justin Braun is hit by Jay Beagle and loses puck.
18:22 of 3rd period - Justin Braun from Griffins is injured at 18:22 of 3rd period (Strained Right Elbow).
18:23 of 3rd period - Jamie Arniel wins face-off versus Jay Beagle in Griffins zone.
18:39 of 3rd period - Off-side.
18:40 of 3rd period - Greg Mauldin wins face-off versus Daultan Leveillé in neutral zone.
Goals for this period are 1 for Griffins vs 1 for Thunder.
Shots for this period are 8 for Griffins vs 13 for Thunder.